AoeStats
← Fred's real son

Arabia

510320694Analyzed
4v4 RM · 2d ago on Sep 30, 2026· 32m 7s· 8 players
Game mode
Random Map
Map size
Large (8 player)
Population
200
Speed
Normal
Resources
Standard
Victory
Conquest
Starting age
Dark Age
Ending age
Imperial Age
RankedLock teamsTeams togetherTeam positionsShared explorationLock speedFull tech treeHidden civsTurbo modeCheats
Victory
Defeat
🇭🇰 Tupi · Hong Kong SAR China
1523
+16
🇭🇰 Tatars · Hong Kong SAR China
1496
+18
🇭🇰 Saxons · Hong Kong SAR China
1486
+18
🇭🇰 Khmer · Hong Kong SAR China
1475
+18
🇹🇼 Saxons · Taiwan
1554
-18
🇹🇼 Teutons · Taiwan
1534
-18
🇹🇼 Khmer · Taiwan
1533
-18
🇹🇼 Varangians · Taiwan
1496
-16
Steven S Lee
7:06 Loom
9:11 Feudal Age
13:57 Castle Age
17:00 Fletching
21:03 Bodkin Arrow
26:01 Padded Archer Armor
29:25 Double-Bit Axe
31:33 Ballistics
Grrgrag
6:42 Loom
8:51 Feudal Age
9:21 Double-Bit Axe
19:29 Castle Age
17:42 Fletching
17:57 Gold Mining
18:57 Bloodlines
20:32 Bow Saw
20:18 Bodkin Arrow
21:35 Padded Archer Armor
24:44 Wheelbarrow
25:10 Leather Archer Armor
26:42 Town Watch
28:42 Husbandry
32:03 Ballistics
32:22 Hand Cart
argum
2:59 Loom
9:35 Feudal Age
10:14 Double-Bit Axe
13:57 Fletching
17:08 Padded Archer Armor
21:10 Wheelbarrow
21:43 Town Watch
24:31 Castle Age
22:30 Gold Mining
24:38 Crossbowman
25:13 Bodkin Arrow
26:42 Leather Archer Armor
27:34 Ballistics
Fred's real son
9:03 Feudal Age
7:45 Loom
9:32 Double-Bit Axe
9:52 Horse Collar
17:11 Scale Barding Armor
17:39 Scale Barding Armor
17:55 Forging
18:07 Scale Barding Armor
18:40 Bloodlines
18:58 Forging
26:57 Castle Age
26:54 Gold Mining
26:59 Light Cavalry
28:00 Chain Barding Armor
28:15 Iron Casting
28:10 Husbandry
28:32 Bow Saw
28:58 Gold Shaft Mining
30:36 Wheelbarrow
經典永不退流行
8:53 Feudal Age
9:41 Loom
10:44 Double-Bit Axe
15:23 Padded Archer Armor
15:16 Fletching
20:02 Wheelbarrow
23:17 Castle Age
21:43 Padded Archer Armor
21:47 Gold Mining
22:33 Horse Collar
23:22 Crossbowman
23:59 Bodkin Arrow
28:21 Thumb Ring
30:02 Leather Archer Armor
soundness27
10:06 Feudal Age
8:24 Loom
11:04 Double-Bit Axe
11:02 Horse Collar
12:33 Bloodlines
17:21 Scale Barding Armor
18:52 Forging
eddie.wang1217
6:30 Loom
9:00 Feudal Age
16:17 Horse Collar
17:48 Wheelbarrow
17:36 Double-Bit Axe
22:59 Castle Age
21:06 Gold Mining
21:59 Forging
23:05 Scale Barding Armor
23:02 Light Cavalry
23:43 Husbandry
27:43 Bloodlines
28:29 Town Watch
芝麻開門
8:09 Loom
11:02 Feudal Age
11:05 Man-at-Arms
11:41 Double-Bit Axe
19:03 Fletching
22:34 Wheelbarrow
26:11 Castle Age
24:56 Gold Mining
24:57 Stone Mining
26:21 Horse Collar
26:31 Crossbowman
27:09 Bodkin Arrow
27:43 Bow Saw
28:57 Padded Archer Armor
30:38 Ballistics
31:27 Town Watch
Connection lost

Rejoining the realm…

Still unreachable

The connection could not be restored.

Session expired

The server has moved on; the page needs a fresh start.